 Dungeon Crawl Stone Soup version 0.29-a0-824-gd827844252 (webtiles) character file.

Game seed: 14771119349699139720

106 Shayle the Sneak (level 4, -3/42 HPs)
             Began as a Naga Brigand on July 10, 2022.
             Killed by divine providence
             ... invoked by an orc priest
              (16 damage)
             ... on level 3 of the Dungeon.
             The game lasted 00:06:27 (3150 turns).

Shayle the Sneak (Naga Brigand)                     Turns: 3150, Time: 00:06:28

Health: -3/42      AC:  8    Str: 13    XL:     4   Next: 84%
Magic:  7/7        EV:  8    Int: 14    God:
Gold:   142        SH:  0    Dex: 12    Spells: 7/7 levels left

rFire   . . .      SeeInvis +   a - +2 dagger
rCold   . . .      Faith    .   (no shield)
rNeg    . . .      Spirit   .   t - +4 ring mail
rPois   +          Reflect  .   (no helmet)
rElec   .          Harm     .   c - +0 cloak
rCorr   .          Rampage  .   (no gloves)
Will    .....                   (no barding)
Stlth   +++.......              (no amulet)
HPRegen 0.14/turn               (no ring)
MPRegen 0.10/turn               (no ring)

@: very slow
A: AC +1, large, see invisible, deformed body, poison resistance, slowness 2,
spit poison 1, naga tail 1
a: Spit Poison


You were on level 3 of the Dungeon.
You visited 1 branch of the dungeon, and saw 3 of its levels.

You collected 142 gold pieces.

Inventory:

Hand Weapons
 a - a +2 dagger (weapon)
Missiles
 d - 20 poisoned darts (quivered)
 e - 2 curare-tipped darts
 p - 2 throwing nets
Armour
 b - a +0 robe
 c - a +0 cloak (worn)
 t - a +4 ring mail (worn)
Jewellery
 g - an amulet of the acrobat
 m - a ring of fire
Scrolls
 f - a scroll of amnesia {unknown}
 i - a scroll of immolation {unknown}
 j - a scroll of teleportation {unknown}
 l - a scroll of fear {unknown}
 o - a scroll of blinking {unknown}
 q - a scroll of torment {unknown}
 r - a scroll of enchant armour {unknown}
 s - a scroll of vulnerability {unknown}
Potions
 h - 2 potions of curing
 k - 2 potions of degeneration {unknown}
 n - 2 potions of mutation {unknown}


   Skills:
 + Level 3.2 Fighting
 - Level 2.0 Short Blades
 - Level 1.7 Throwing
 - Level 0.7 Dodging
 + Level 7.1 Stealth
 + Level 2.0 Spellcasting


You had 7 spell levels left.
You didn't know any spells.
Your spell library contained the following spells:

 Spells                   Type           Power      Damage    Failure   Level
 Summon Ice Beast         Ice/Summ       1%         N/A       99%         4
 Summon Mana Viper        Hex/Summ       1%         N/A       100%        5
 Monstrous Menagerie      Summ           0%         N/A       100%        7
 Chain Lightning          Conj/Air       0%         2d1       100%        9
 Fire Storm               Conj/Fire      0%         6d1       100%        9
 Shatter                  Erth           0%         3d5*      100%        9


Dungeon Overview and Level Annotations

Branches:
Dungeon (3/15)

Altars:

Shops:
D:3 *

Annotations:
D:2 1 runed translucent door, Crazy Yiuf, Natasha


Innate Abilities, Weirdness & Mutations

Your serpentine skin is tough. (AC +1)
You have supernaturally acute eyesight. (SInv)
Armour fits poorly on your strangely shaped body.
Your system is resistant to poisons. (rPois)
You cover ground very slowly.
You can spit poison.
You have a snake-like lower body.


Message History

You hit the orc priest.
The orc priest is lightly wounded.
The orc priest hits you but does no damage.
The orc hits you but does no damage.
You completely miss the orc priest.
The orc priest hits you but does no damage.
The orc hits you from afar with a +0 trident.
You closely miss the orc priest. You hit the orc priest.
The orc priest is lightly wounded.
The orc priest barely misses you. The orc barely misses you.
You hit the orc priest but do no damage.
The orc priest is lightly wounded.
The orc priest hits you but does no damage.
The orc hits you from afar with a +0 trident.
You closely miss the orc priest.
The orc priest is lightly wounded.
The orc priest hits you with a +0 whip. The orc hits you but does no damage.
You hit the orc priest.
The orc priest is moderately wounded.
The orc priest hits you with a +0 whip. The orc hits you but does no damage.
You closely miss the orc priest.
You punch the orc priest, but do no damage.
The orc priest is moderately wounded.
The orc priest hits you with a +0 whip. The orc barely misses you.
You hit the orc priest.
The orc priest is moderately wounded.
The orc priest closely misses you.
The orc hits you from afar with a +0 trident.
You hit the orc priest but do no damage.
The orc priest is moderately wounded.
The orc priest invokes the aid of Beogh against you.
Beogh smites you!
* * * LOW HITPOINT WARNING * * *
The orc hits you from afar with a +0 trident.
* * * LOW HITPOINT WARNING * * *
It was a potion of curing.
You feel better.
The orc priest calls down the wrath of Beogh upon you.
Beogh smites you!
You die...

#.#.#.............
#.....###.#.......
##...## #.#o......
##..# #.#.......
...># #.#o.o....
##### #.#o......
#o######## #o# #@#
#.# #.# #.# #.#
#.# #.# #.# ..#


You could see an orc priest and an orc.

Vanquished Creatures
  Terence (D:2)
  2 adders (D:2)
  3 dart slugs
  A worm (D:2)
  2 orcs (D:3)
  6 ball pythons
  5 bats
  2 endoplasms
  7 goblins
  3 hobgoblins
  A jackal (D:1)
  A quokka (D:1)
  2 frilled lizards
  10 kobolds
  4 rats
50 creatures vanquished.

Vanquished Creatures (others)
  2 fungi (D:1)
  9 plants (D:1)
11 creatures vanquished.

Grand Total: 61 creatures vanquished

Notes
Turn   | Place    | Note
-------+----------+-------------------------------------------
     0 | D:1      | Shayle the Naga Brigand began the quest for the Orb.
     0 | D:1      | Reached XP level 1. HP: 19/19 MP: 1/1
    53 | D:1      | Reached skill level 6 in Stealth
   151 | D:1      | You fall into a shaft and drop 1 floor!
   184 | D:2      | Reached XP level 2. HP: 26/26 MP: 2/2
   221 | D:2      | Reached skill level 1 in Spellcasting
   421 | D:2      | Reached XP level 3. HP: 8/33 MP: 4/4
   862 | D:2      | Noticed Natasha
  1157 | D:2      | Noticed Terence
  2051 | D:1      | Found a faded altar of an unknown god.
  2270 | D:1      | Reached XP level 4. HP: 40/40 MP: 6/6
  2422 | D:2      | Found a runed translucent door.
  2423 | D:2      | Noticed Crazy Yiuf
  2554 | D:2      | Killed Terence
  2555 | D:2      | Reached skill level 7 in Stealth
  2969 | D:3      | Identified the +5 quarterstaff of the Red God {speed,
                  | Contam Will- MP+9 Dex+8}
  3018 | D:3      | Found Otoanesu's General Store.
  3150 | D:3      | Killed from afar by an orc priest

Illustrated notes

Levels and vault maps discovered:
D:1:      roderic_crop_circles_arrival_small, layout_loops_cross,
          shapermc_ecumenical_altar_mp_urbaneastern, minmay_liquid_box,
          kennysheep_small_spiral, minmay_tetromino_s4
D:2:      layout_loops_ring, uniq_natasha, uniq_crazy_yiuf_cottage, uniq_terence
D:3:      layout_basic, serial_shops, shop, serial_glass, glass_columns_a,
          glass_columns_b, glass_columns_a, glass_columns_a, glass_columns_a,
          kennysheep_nub, uniq_grinder

Skill      XL: |  1  2  3  4 |
---------------+-------------+-----
Stealth        | 6 7 |  7.1
Spellcasting   | 1 2 |  2.0
Fighting       | 3 |  3.2
Short Blades   | |  2.0
Throwing       | |  1.7
Dodging        | |  0.7

Action                   |  1- 3 |  4- 6 || total
-------------------------+-------+-------++-------
Melee: Dagger            |   109 |    39 ||   148
       Punch             |     2 |     2 ||     4
Throw: Dart              |     1 |     7 ||     8
 Abil: Spit Poison       |     7 |     3 ||    10
  Use: Potion            |       |     1 ||     1
 Stab: Sleeping          |    11 |     3 ||    14
Armor: Robe              |    34 |     4 ||    38
       Ring mail         |       |    11 ||    11
Dodge: Dodged            |    51 |    18 ||    69

Table legend: (Time is in decaauts)
 A = Elapsed time spent in this place.
 B = Non-inter-level travel time spent in this place.
 C = Inter-level travel time spent in this place.
 D = Time resting spent in this place.
 E = Time spent auto-exploring this place.
 F = Levels seen in this place.
 G = Mean time per level.
                   A        B        C        D        E       F      G
               +--------+--------+--------+--------+--------+-----+--------+
         Total |   3876 |   3778 |     98 |    242 |   2654 |   3 | 1292.0 |
       Dungeon |   3876 |   3778 |     98 |    242 |   2654 |   3 | 1292.0 |
               +--------+--------+--------+--------+--------+-----+--------+

Top non-repeatable levels by time:
     D:2: 1683 daAuts
     D:1: 1547 daAuts
     D:3: 646 daAuts
